 Dungeon Crawl Stone Soup version 0.30-a0-883-g5ad918d77d (webtiles) character file.

Game seed: 11167450858422752726

156 holysushi the Slasher (level 5, -1/36 HPs)
             Began as an Octopode Monk on Mar 17, 2023.
             Killed from afar by an orc wizard (7 damage)
             ... with a puff of flame
             ... on level 3 of the Dungeon.
             The game lasted 00:02:18 (1745 turns).

holysushi the Slasher (Octopode Monk)               Turns: 1745, Time: 00:02:18

Health: -1/36      AC:  1    Str: 10    XL:     5   Next: 38%
Magic:  5/5        EV: 14    Int: 13    God:
Gold:   123        SH:  0    Dex: 16    Spells: 4/4 levels left

rFire   . . .      SeeInvis .    a - +0 falchion
rCold   . . .      Faith    .    (no shield)
rNeg    . . .      Spirit   .    (helmet restricted)
rPois   .          Reflect  .    (no amulet)
rElec   .          Rampage  .    (no ring)
rCorr   .                        (no ring)
Will    .....                    (no ring)
Stlth   ++                       (no ring)
HPRegen 0.26/turn                (no ring)
MPRegen 0.09/turn                (no ring)
                                 (no ring)
                                 (no ring)

@: confused, ambrosia-drunk
A: almost no armour, amphibious, 8 rings, camouflage 1, gelatinous body 1,
(nimble swimmer 1), tentacles
a: no special abilities


You were on level 3 of the Dungeon.
You visited 1 branch of the dungeon, and saw 3 of its levels.

You collected 123 gold pieces.

Inventory:

Hand Weapons
 a - a +0 falchion (weapon)
Wands
 k - a wand of quicksilver (5)
Scrolls
 d - 3 scrolls of identify {unknown}
 e - a scroll of brand weapon {unknown}
 g - 2 scrolls of teleportation {unknown}
 j - a scroll of enchant armour {unknown}
 l - a scroll of magic mapping {unknown}
Potions
 c - a potion of degeneration {unknown}
 f - a potion of experience {unknown}
 h - 2 potions of lignification {unknown}
 i - 2 potions of might {unknown}
 m - a potion of magic {unknown}


   Skills:
 - Level 3.0 Fighting
 + Level 5.7 Long Blades
 - Level 3.0 Dodging
 - Level 2.6 Stealth
 + Level 1.2 Evocations


You had 4 spell levels left.
You didn't know any spells.
Your spell library contained the following spells:

 Spells                   Type           Power      Damage    Failure   Level
 Call Canine Familiar     Summ           0%         N/A       67%         3
 Portal Projectile        Hex/Tloc       0%         N/A       67%         3
 Leda's Liquefaction      Hex/Erth       0%         N/A       97%         4


Dungeon Overview and Level Annotations

Branches:
Dungeon (3/15) Zot: 16242

Altars:


Innate Abilities, Weirdness & Mutations

You cannot wear most types of armour.
You are amphibious.
You can wear up to eight rings at the same time.
Your skin changes colour to match your surroundings (Stealth+).
Your rubbery body absorbs attacks. (AC +1, EV +1)
((You are camouflaged when in or above water. (Stealth+)))
You have tentacles for arms and can constrict up to eight enemies at once.


Message History

You hit the orc wizard.
You kill the orc wizard!
Your Evocations skill increases to level 1!
You hit the orc but do no damage. You grab the orc. You constrict the orc.
Something hits you. The orc barely misses you. x2
You closely miss the orc. Your grab misses the orc. You constrict the orc.
Something hits you. The orc hits you but does no damage.
The orc hits you with a +0 mace.
You hit the orc. You grab the orc.
The orc is lightly wounded.
You constrict the orc. x2; Something hits you.
The orc hits you with a +0 dagger. The orc closely misses you.
You slash the orc!
You kill the orc!
You constrict the orc.
You kill the orc!
You hear some strange, mumbled words.
A puff of flame appears from out of thin air!
The puff of flame misses you.
You hit something but do no damage. Your squeeze misses something.
Something hits you. The rat closely misses you.
You closely miss something. Something barely misses you.
The rat closely misses you.
You hit something but do no damage. Something hits you. The rat misses you.
You miss something. Your squeeze misses something. Something hits you.
The rat bites you.
You hit something. Something hits you but does no damage. The rat bites you.
You hit something. Something hits you.
* * * LOW HITPOINT WARNING * * *
The rat bites you.
* * * LOW HITPOINT WARNING * * *
You hit something. Your squeeze misses something. Something hits you.
* * * LOW HITPOINT WARNING * * *
The rat closely misses you.
You are confused.
You feel invigorated.
You hear some strange, mumbled words.
A puff of flame appears from out of thin air!
The puff of flame hits you!
You die...

+.....############.#.#
#........#.#
...#####.########.#
...........# #.#
...#####.#.# #.#
#.....# #.# #.#...#
#.# #.#...# #.#
#.#.)@# #.# #.#.r{#
#.# #>##......#
#.......^..#
#.##......<# #
........# #........#
##..###..# .... ..#


You could see a rat.

Vanquished Creatures
  Jessica (D:2)
  An orc wizard (D:3)
  4 adders (D:2)
  A worm (D:2)
  4 dart slugs
  2 orcs (D:3)
  6 ball pythons
  8 bats
  5 endoplasms
  3 giant cockroaches
  7 goblins
  2 hobgoblins
  6 kobolds
  3 quokkas
  3 frilled lizards
  6 rats
62 creatures vanquished.

Notes
Turn   | Place    | Note
-------+----------+-------------------------------------------
     0 | D:1      | holysushi the Octopode Monk began the quest for the Orb.
     0 | D:1      | Reached XP level 1. HP: 16/16 MP: 1/1
   178 | D:1      | Reached XP level 2. HP: 16/21 MP: 2/2
   271 | D:1      | Reached skill level 4 in Long Blades
   359 | D:1      | Reached XP level 3. HP: 20/26 MP: 3/3
   856 | D:2      | Reached XP level 4. HP: 22/31 MP: 4/4
  1029 | D:2      | Reached skill level 5 in Long Blades
  1130 | D:2      | Noticed Jessica
  1133 | D:2      | Killed Jessica
  1234 | D:2      | Reached XP level 5. HP: 36/36 MP: 5/5
  1676 | D:3      | Found a faded altar of an unknown god.
  1734 | D:3      | Reached skill level 1 in Evocations
  1745 | D:3      | Killed from afar by an orc wizard

Illustrated notes

Levels and vault maps discovered:
D:1:      minmay_arrival_jagged, layout_basic, amcnicky_mini_corridor_feature
D:2:      layout_rooms, skrybe_limestone_x, minmay_misc_feat_more_columns,
          uniq_jessica
D:3:      minmay_door_path, layout_basic, mainiacjoe_overflow_24_doors,
          serial_shops, shop, chequers_ecumenical_altar_island,
          guppyfry_early_orc_mine

Skill      XL: |  1  2  3  4  5 |
---------------+----------------+-----
Long Blades    | 4 5 |  5.7
Evocations     | 1 |  1.2
Fighting       | |  3.0
Dodging        | |  3.0
Stealth        | |  2.6

Action                     |  1- 3 |  4- 6 || total
---------------------------+-------+-------++-------
  Melee: Falchion          |    71 |    68 ||   139
         Constrict         |    22 |    16 ||    38
         Tentacles         |    11 |     9 ||    20
         Punch             |     1 |     2 ||     3
    Use: Potion            |       |     1 ||     1
   Stab: Sleeping          |     3 |     5 ||     8
 Armour: Skin              |    14 |     9 ||    23
  Dodge: Dodged            |    64 |    56 ||   120

Table legend: (Time is in decaauts)
 A = Elapsed time spent in this place.
 B = Non-inter-level travel time spent in this place.
 C = Inter-level travel time spent in this place.
 D = Time resting spent in this place.
 E = Time spent auto-exploring this place.
 F = Levels seen in this place.
 G = Mean time per level.
                   A        B        C        D        E       F      G
               +--------+--------+--------+--------+--------+-----+--------+
         Total |   1756 |   1720 |     36 |    200 |   1046 |   3 |  585.3 |
       Dungeon |   1756 |   1720 |     36 |    200 |   1046 |   3 |  585.3 |
               +--------+--------+--------+--------+--------+-----+--------+

Top non-repeatable levels by time:
     D:1: 835 daAuts
     D:2: 710 daAuts
     D:3: 211 daAuts
